 Dungeon Crawl Stone Soup version 0.23.2 (webtiles) character file.

Game seed: 5872492583058660553

2547 Borgoz the Cutter (level 9, -1/55 HPs)
             Began as a Gargoyle Gladiator on Apr 12, 2019.
             Was an Initiate of Ashenzari.
             Slain by an orc warrior
             ... wielding a +0 halberd
              (15 damage)
             ... on level 7 of the Dungeon.
             The game lasted 00:11:51 (6151 turns).

Borgoz the Cutter (Gargoyle Gladiator)              Turns: 6151, Time: 00:11:51

Health: -1/55      AC: 19    Str: 20    XL:     9   Next: 56%
Magic:  9/9        EV: 11    Int: 10    God:    Ashenzari [......]
Gold:   259        SH:  0    Dex: 14    Spells: 8/8 levels left

rFire    + . .     SeeInvis .   a - +4 dagger "Pykagh" {venom, Str+3} (curse)
rCold    + . .     Gourm    .   (no shield)
rNeg     + . .     Faith    .   p - +2 chain mail {rC+}
rPois    ∞         Spirit   .   c - +0 helmet
rElec    +         Reflect  .   (no cloak)
rCorr    .         Harm     .   (no gloves)
MR       .....                  (no boots)
Stlth    ..........             (no amulet)
HPRegen  0.18/turn              m - ring of protection from fire
MPRegen  0.11/turn              (no ring)

@: no status effects
A: negative energy resistance 1, electricity resistance, unbreathing,
petrification resistance, rot immunity, AC +6
a: Curse Item, Renounce Religion


You were on level 7 of the Dungeon.
You worshipped Ashenzari.
Ashenzari was noncommittal.
You were not hungry.

You visited 2 branches of the dungeon, and saw 8 of its levels.

You collected 439 gold pieces.
You spent 180 gold pieces at shops.

Inventory:

Hand Weapons
 a - the cursed +4 dagger "Pykagh" (weapon) {venom, Str+3}
   (You found it on level 6 of the Dungeon)

   It poisons the flesh of those it strikes.
   It affects your strength (+3).
   It has a curse placed upon it.
 h - a +0 rapier
 t - the +3 trident "Ytsaiwolau" {pain, rF+ MR+ Stlth+}
   (You found it on level 5 of the Dungeon)

   In the hands of one skilled in necromantic magic, it inflicts extra damage on
   living creatures.
   It protects you from fire.
   It affects your resistance to hostile enchantments.
   It makes you more stealthy.
 u - a +0 rapier
Missiles
 d - a throwing net (quivered)
Armour
 c - a +0 helmet (worn)
 p - a +2 chain mail of cold resistance (worn)
 y - the cursed +0 ring mail of Lilacs {rElec rPois rF- rCorr}
   (You found it on level 5 of the Dungeon)

   It makes you vulnerable to fire.
   It insulates you from electricity.
   It protects you from poison.
   It provides partial protection from all sources of acid and corrosion.
   It has a curse placed upon it.
Jewellery
 m - a ring of protection from fire (left hand)
Wands
 o - a wand of polymorph (17)
 z - a wand of paralysis (13)
 E - a wand of random effects (16)
 H - a wand of flame (13)
Scrolls
 b - 8 scrolls of teleportation
 e - 4 scrolls of enchant weapon
 g - a scroll of fear
 i - 5 scrolls of remove curse
 n - 3 scrolls of identify
 r - a scroll of fog
 w - 2 scrolls of enchant armour
 x - 2 scrolls of blinking
 F - a scroll of amnesia {unknown}
 I - a scroll of immolation {unknown}
Potions
 j - a potion of berserk rage
 k - a potion of mutation
 l - a potion of magic
 s - a potion of resistance
 v - a potion of curing
 A - a potion of flight
 B - 2 potions of lignification {unknown}
 C - a potion of agility {unknown}
 D - a potion of ambrosia {unknown}
Comestibles
 f - 8 rations
 G - 5 chunks of flesh


   Skills:
 + Level 5.9 Fighting
 * Level 7.0 Short Blades
 - Level 1.7 Throwing
 + Level 5.3 Armour
 * Level 6.4 Dodging
 + Level 3.0 Stealth
 + Level 0.1 Evocations


You had 8 spell levels left.
You didn't know any spells.
Your spell library contained the following spells:

 Spells                   Type           Power        Failure   Level  Hunger
 Cause Fear               Hex            #.........   100%        4    #####..
 Silence                  Hex/Air        #.........   100%        5    ######.
 Yara's Violent Unravell  Hex/Tmut       #.........   100%        5    ######.
 Deflect Missiles         Chrm/Air       #.........   100%        6    #######
 Discord                  Hex            #.........   100%        8    #######


Dungeon Overview and Level Annotations

Branches:
Dungeon (7/15)             Temple (1/1) D:6

Altars:
Ashenzari
Cheibriados
Dithmenos
Elyvilon
Fedhas
Gozag
Hepliaklqana
Kikubaaqudgha
Makhleb
Nemelex Xobeh
Okawaru
Qazlal
Ru
Sif Muna
Trog
Uskayaw
Vehumet
Wu Jian
Xom
Yredelemnul
Zin
The Shining One

Shops:
D:5 ?   D:6 %


Innate Abilities, Weirdness & Mutations

You are resistant to torment.
Your stone body is resilient. (AC +6)
You are immune to poison.
You resist negative energy. (rN+)
You are resistant to electric shocks. (rElec)
You can survive without breathing.
You are immune to petrification.
You are immune to rotting.


Message History

The orc hits you but does no damage.
The orc warrior hits you but does no damage.
The orc misses you.
You hit the orc warrior but do no damage.
You hit the orc warrior but do no damage.
The orc warrior is poisoned.
The orc warrior barely misses you. The orc closely misses you.
You hit the orc warrior but do no damage.
The orc warrior looks even sicker.
The orc warrior hits you with a +0 halberd!
* * * LOW HITPOINT WARNING * * *
You hit the orc.
The orc is poisoned.
The orc is heavily wounded.
The orc hits you but does no damage.
You hit the orc warrior.
The orc warrior looks as sick as possible!
The orc warrior is lightly wounded.
The orc barely misses you.
The orc warrior hits you with a +0 halberd!
You die...

#....#.................##..
##...#.....................
#...#.....................
#..................... .
#########.............
..##.....##....##.......
.......).##....##...##..
......oo.).....#....##..
.......@.......#.....#(.
...............#.....#..
..###############...####
###..###....##...##..
.......<..........#..
..................#..
####....##..##....#..
#.######..##....#.. ..
#.........#..


You could see an orc warrior and an orc.

Vanquished Creatures
  Prince Ribbit (D:6)
  An orc warrior (D:7)
  An ice beast (D:5)
  A necrophage (D:7)
  An ogre (D:4)
  3 phantoms
  A centaur (D:5)
  6 bullfrogs
  A scorpion (D:5)
  5 wights
  An electric eel (D:6)
  3 crimson imps
  4 howler monkeys
  5 hounds
  2 centaur skeletons
  An orc priest (D:7)
  Crazy Yiuf (D:2)
  An orc wizard (D:7)
  2 bullfrog skeletons
  5 worker ants
  4 iguanas (D:5)
  5 adders
  3 gnolls (D:4)
  2 adder skeletons
  A worm (D:2)
  2 dart slugs
  6 leopard geckos
  5 orcs
  11 bats
  6 giant cockroaches
  6 goblins
  12 hobgoblins
  8 jackals
  3 quokkas
  A ball python (D:2)
  6 frilled lizards
  A jackal skeleton (D:5)
  8 kobolds
  A leopard gecko skeleton (D:4)
  A quokka skeleton (D:4)
  3 rats
141 creatures vanquished.

Vanquished Creatures (others)
  2 hounds (D:4)
  2 orcs (D:4)
  A frilled lizard (D:4)
5 creatures vanquished.

Grand Total: 146 creatures vanquished

Notes
Turn   | Place    | Note
-------+----------+-------------------------------------------
     0 | D:1      | Borgoz the Gargoyle Gladiator began the quest for the Orb.
     0 | D:1      | Reached XP level 1. HP: 12/12 MP: 1/1
    97 | D:1      | Reached XP level 2. HP: 16/17 MP: 2/2
   370 | D:1      | Reached skill level 3 in Short Blades
   496 | D:1      | Reached XP level 3. HP: 22/22 MP: 3/3
   660 | D:1      | Found a burning altar of Makhleb.
   943 | D:2      | Reached skill level 1 in Armour
   986 | D:2      | Reached skill level 1 in Stealth
  1093 | D:2      | Reached XP level 4. HP: 27/27 MP: 4/4
  1143 | D:2      | Found a runed translucent door.
  1144 | D:2      | Noticed Crazy Yiuf
  1430 | D:2      | Found a sacrificial altar of Ru.
  1615 | D:2      | Killed Crazy Yiuf
  1615 | D:2      | Reached XP level 5. HP: 32/32 MP: 5/5
  2154 | D:3      | Found a glowing silver altar of Zin.
  2432 | D:4      | Noticed a phantom
  2482 | D:4      | Killed a phantom
  2482 | D:4      | Reached XP level 6. HP: 30/37 MP: 6/6
  2590 | D:4      | Reached skill level 4 in Short Blades
  2887 | D:4      | Found an opulent altar of Gozag.
  3043 | D:4      | Found a stormy altar of Qazlal.
  3087 | D:4      | Reached XP level 7. HP: 42/42 MP: 7/7
  3227 | D:4      | Found a shimmering altar of Xom.
  3740 | D:5      | Entered Level 5 of the Dungeon
  3844 | D:5      | Got a slimy trident
  3898 | D:5      | Found a hide-covered altar of Uskayaw.
  4101 | D:5      | Found a deep blue altar of Sif Muna.
  4241 | D:5      | Reached skill level 5 in Short Blades
  4241 | D:5      | Reached XP level 8. HP: 48/48 MP: 8/8
  4250 | D:5      | Found Ubrualois's Magic Scroll Shop.
  4263 | D:5      | Bought a scroll of identify for 30 gold pieces
  4263 | D:5      | Bought a scroll of identify for 30 gold pieces
  4263 | D:5      | Bought a scroll of identify for 30 gold pieces
  4263 | D:5      | Bought a scroll of teleportation for 45 gold pieces
  4263 | D:5      | Bought a scroll of teleportation for 45 gold pieces
  4263 | D:5      | Identified the +3 trident "Ytsaiwolau" {pain, rF+ MR+
                  | Stlth+} (You found it on level 5 of the Dungeon)
  4286 | D:6      | Found a staircase to the Ecumenical Temple.
  4330 | Temple   | Entered the Ecumenical Temple
  4371 | Temple   | Became a worshipper of Ashenzari the Shackled
  4644 | D:6      | Got the dagger "Pykagh" {venom, Str+3}
  4645 | D:6      | Identified the +4 dagger "Pykagh" {venom, Str+3} (You found
                  | it on level 6 of the Dungeon)
  4677 | D:6      | Reached skill level 5 in Dodging
  4803 | D:6      | Noticed Prince Ribbit
  4816 | D:6      | Killed Prince Ribbit
  4951 | D:6      | Reached skill level 5 in Fighting
  5021 | D:5      | Reached skill level 6 in Short Blades
  5065 | D:5      | Reached XP level 9. HP: 34/54 MP: 9/9
  5084 | D:5      | Got the cursed ring mail of Lilacs {rElec rPois rF- rCorr}
  5213 | D:5      | Found a sacrificial altar of Ru.
  5347 | D:6      | Found Ysmellet's Food Emporium.
  5462 | D:7      | Found an ornate altar of the Wu Jian Council.
  5617 | D:7      | Reached skill level 5 in Armour
  5984 | D:7      | Reached skill level 7 in Short Blades
  6151 | D:7      | Slain by an orc warrior

Skill      XL: |  1  2  3  4  5  6  7  8  9 |
---------------+----------------------------+-----
Short Blades   | 3 4 5 6 7 |  7.0
Armour         | 1 2 3 4 5 |  5.3
Stealth        | 1 2 3 |  3.0
Dodging        | 3 4 5 6 |  6.4
Fighting       | 3 4 5 |  5.9
Throwing       | |  1.7
Evocations     | |  0.1

Action                   |  1- 3 |  4- 6 |  7- 9 || total
-------------------------+-------+-------+-------++-------
Melee: Rapier            |   113 |   208 |   183 ||   504
       Dagger            |       |       |   319 ||   319
Throw: Throwing net      |       |     3 |       ||     3
Invok: Curse Item        |       |       |     1 ||     1
  Use: Scroll            |       |     4 |    10 ||    14
       Potion            |       |     1 |     1 ||     2
 Stab: Sleeping          |       |     1 |       ||     1
       Held in net/web   |       |     1 |       ||     1
  Eat: Chunk             |     1 |     6 |    11 ||    18
Armor: Leather armour    |     3 |       |       ||     3
       Ring mail         |    41 |    56 |       ||    97
       Chain mail        |       |    21 |   243 ||   264
Dodge: Dodged            |    66 |   109 |   232 ||   407
